SAA
ATLANTIC CITY SONICS @ SALEM MISFITS
05/07/2031
 
TOP OF THE 1ST
Atlantic City Sonics batting - Pitching for Salem Misfits : RHP Carlos Salcido
Pitching: RHP Carlos Salcido
Batting: RHB Toyozo Yamasaki 0-0: Ball
1-0: Called Strike
1-1: Ball
2-1: Ball
3-1: Swinging Strike
3-2: Foul Ball, location: 2F
3-2: Foul Ball, location: 2F
3-2: Strikes out swinging
Batting: RHB José Rodríguez 0-0: Ball
1-0: Ball
2-0: Ground out U3 (Groundball, 34)
Batting: RHB Dam Son 0-0: Called Strike
0-1: Fly out, F7 (Flyball, 7S)
Top of the 1st over - 0 runs, 0 hits, 0 errors, 0 left on base; Atlantic City 0 - Salem 0
BOTTOM OF THE 1ST
Salem Misfits batting - Pitching for Atlantic City Sonics : RHP Gilberto Pontojá
Pitching: RHP Gilberto Pontojá
Batting: LHB José Cuervo 0-0: Ball
1-0: Ball
2-0: Called Strike
2-1: Foul Ball, location: 2F
2-2: Ground out 1-3 (Groundball, 13S)
Batting: LHB Donatas Montiejunas 0-0: Ball
1-0: SINGLE (Groundball, 34S) (infield hit)
Batting: LHB Jesús Lazcano 0-0: Fly out, F9 (Flyball, 9)
Batting: RHB Akke Derksen 0-0: Ball
1-0: Ball
2-0: Fly out, F9 (Line Drive, 89M)
Bottom of the 1st over - 0 runs, 1 hit, 0 errors, 1 left on base; Atlantic City 0 - Salem 0
TOP OF THE 2ND
Atlantic City Sonics batting - Pitching for Salem Misfits : RHP Carlos Salcido
Batting: RHB Alejandro Sánchez 0-0: Foul Ball, location: 2F
0-1: Ball
1-1: Foul Ball, location: 2F
1-2: Fly out, F9 (Flyball, 9S)
Batting: RHB Mike Pate 0-0: Foul Ball, location: 2F
0-1: Foul Ball, location: 2F
0-2: Foul Ball, location: 2F
0-2: Ball
1-2: Ball
2-2: Foul Ball, location: 2F
2-2: SINGLE (Line Drive, 6M)
Batting: RHB Randy Sheffield 0-0: Ball
1-0: Called Strike
1-1: Foul Ball, location: 2F
1-2: Ball
2-2: Strikes out swinging
Batting: RHB Michael Walker 0-0: Ball
1-0: Ball
Mike Pate steals 2nd base
2-0: Ball
3-0: Called Strike
3-1: Called Strike
3-2: Foul Ball, location: 2F
3-2: Foul Ball, location: 2F
3-2: Base on Balls
Batting: RHB John Willoughby 0-0: Foul Ball, location: 2F
0-1: Fielders Choice at 2nd, 5-4 (Groundball, 5)
Top of the 2nd over - 0 runs, 1 hit, 0 errors, 2 left on base; Atlantic City 0 - Salem 0
BOTTOM OF THE 2ND
Salem Misfits batting - Pitching for Atlantic City Sonics : RHP Gilberto Pontojá
Batting: RHB Bob Petiet 0-0: SINGLE (Line Drive, 6M)
Batting: RHB César Ramos 0-0: Ball
1-0: Ball
2-0: Called Strike
2-1: Foul Ball, location: 2F
2-2: Ball
3-2: SINGLE (Groundball, 6D)
Bob Petiet to second
Batting: RHB Vicente Andros 0-0: Called Strike
0-1: Ball
1-1: Fielders Choice at 2nd, 3-6 (Groundball, 34)
Bob Petiet to third
Batting: RHB Jorge Gómez 0-0: Called Strike
0-1: Swinging Strike
0-2: Ball
1-2: Strikes out looking
Batting: RHB Atanza Vongor 0-0: Swinging Strike
0-1: Ball
1-1: Ball
2-1: Swinging Strike
2-2: Strikes out swinging
Bottom of the 2nd over - 0 runs, 2 hits, 0 errors, 2 left on base; Atlantic City 0 - Salem 0
TOP OF THE 3RD
Atlantic City Sonics batting - Pitching for Salem Misfits : RHP Carlos Salcido
Batting: LHB Juan Ledezma 0-0: Ball
1-0: Called Strike
1-1: Ground out U3 (Groundball, 34)
Batting: RHB Toyozo Yamasaki 0-0: Ball
1-0: Foul Ball, location: 2F
1-1: Ball
2-1: Ball
3-1: Base on Balls
Batting: RHB José Rodríguez 0-0: Ball
1-0: Foul Ball, location: 2F
1-1: Called Strike
1-2: Ball
2-2: Grounds into double play, 6-4-3 (Groundball, 56)
Top of the 3rd over - 0 runs, 0 hits, 0 errors, 0 left on base; Atlantic City 0 - Salem 0
BOTTOM OF THE 3RD
Salem Misfits batting - Pitching for Atlantic City Sonics : RHP Gilberto Pontojá
Batting: LHB José Cuervo 0-0: Called Strike
0-1: Called Strike
0-2: Ball
1-2: Strikes out swinging
Batting: LHB Donatas Montiejunas 0-0: Ball
1-0: Foul Ball, location: 2F
1-1: Ball
2-1: Ball
3-1: Called Strike
3-2: Base on Balls
Batting: LHB Jesús Lazcano 0-0: Ball
1-0: DOUBLE (Line Drive, 78M)
Donatas Montiejunas to third
Batting: RHB Akke Derksen 0-0: Ball
1-0: Foul Ball, location: 2F
1-1: Ball
2-1: Foul Ball, location: 2F
2-2: SINGLE (Line Drive, 78S)
Donatas Montiejunas scores
Jesús Lazcano to third
Batting: RHB Bob Petiet 0-0: Called Strike
0-1: Ball
1-1: SINGLE (Line Drive, 5D)
Jesús Lazcano scores
Akke Derksen to second
Batting: RHB César Ramos 0-0: Ball
1-0: Foul Ball, location: 2F
1-1: Swinging Strike
1-2: Ball
2-2: Foul Ball, location: 2F
2-2: Fly out, F8 (Flyball, 78S)
Batting: RHB Vicente Andros 0-0: Called Strike
0-1: Swinging Strike
0-2: Ball
1-2: Ball
2-2: Strikes out looking
Bottom of the 3rd over - 2 runs, 3 hits, 0 errors, 2 left on base; Atlantic City 0 - Salem 2
TOP OF THE 4TH
Atlantic City Sonics batting - Pitching for Salem Misfits : RHP Carlos Salcido
Batting: RHB Dam Son 0-0: Fly out, F7 (Flyball, 7D)
Batting: RHB Alejandro Sánchez 0-0: Foul Ball, location: 2F
0-1: Ball
1-1: Called Strike
1-2: Ground out U3 (Groundball, 34)
Batting: RHB Mike Pate 0-0: Ball
1-0: Swinging Strike
1-1: Called Strike
1-2: Strikes out swinging
Top of the 4th over - 0 runs, 0 hits, 0 errors, 0 left on base; Atlantic City 0 - Salem 2
BOTTOM OF THE 4TH
Salem Misfits batting - Pitching for Atlantic City Sonics : RHP Gilberto Pontojá
Batting: RHB Jorge Gómez 0-0: Ball
1-0: Called Strike
1-1: Swinging Strike
1-2: Foul Ball, location: 2F
1-2: Foul Ball, location: 2F
1-2: SINGLE (Groundball, 4MS) (infield hit)
Batting: RHB Atanza Vongor 0-0: Ball
1-0: Called Strike
1-1: Grounds into double play, 6-4-3 (Groundball, 6)
Batting: LHB José Cuervo 0-0: Ball
1-0: Called Strike
1-1: Ball
2-1: Called Strike
2-2: Ball
3-2: Ground out 4-3 (Groundball, 4)
Bottom of the 4th over - 0 runs, 1 hit, 0 errors, 0 left on base; Atlantic City 0 - Salem 2
TOP OF THE 5TH
Atlantic City Sonics batting - Pitching for Salem Misfits : RHP Carlos Salcido
Batting: RHB Randy Sheffield 0-0: Called Strike
0-1: Foul Ball, location: 2F
0-2: Strikes out looking
Batting: RHB Michael Walker 0-0: Swinging Strike
0-1: Swinging Strike
0-2: Strikes out swinging, 2-3 out at first.
Batting: RHB John Willoughby 0-0: Called Strike
0-1: Ball
1-1: Ball
2-1: Called Strike
2-2: Ball
3-2: Strikes out swinging
Top of the 5th over - 0 runs, 0 hits, 0 errors, 0 left on base; Atlantic City 0 - Salem 2
BOTTOM OF THE 5TH
Salem Misfits batting - Pitching for Atlantic City Sonics : RHP Gilberto Pontojá
Batting: LHB Donatas Montiejunas 0-0: Ball
1-0: SOLO HOME RUN (Flyball, 7LD), Distance : 358 ft
Batting: LHB Jesús Lazcano 0-0: Swinging Strike
0-1: Ground out 3-1 (Groundball, 34S)
Batting: RHB Akke Derksen 0-0: Ball
1-0: Foul Ball, location: 2F
1-1: Ball
2-1: Ball
3-1: Fly out, F7 (Line Drive, 7)
Batting: RHB Bob Petiet 0-0: Ball
1-0: Swinging Strike
1-1: Ball
2-1: Foul Ball, location: 2F
2-2: Ball
3-2: Foul Ball, location: 2F
3-2: DOUBLE (Line Drive, 78D)
Batting: RHB César Ramos 0-0: Called Strike
0-1: Ball
1-1: Ball
2-1: Swinging Strike
2-2: Foul Ball, location: 2F
2-2: Ball
3-2: SINGLE (Groundball, 6D)
Bob Petiet to third
Bob Petiet scores
Batting: RHB Vicente Andros 0-0: Ball
1-0: Called Strike
1-1: Ball
2-1: Foul Ball, location: 2F
2-2: SINGLE (Line Drive, 9S)
César Ramos to second
Batting: RHB Jorge Gómez 0-0: Ball
1-0: DOUBLE (Line Drive, 9D)
César Ramos scores
Vicente Andros to third
Runner from 3rd tries for Home, SAFE, no throw
Batting: RHB Atanza Vongor 0-0: Ball
1-0: Ball
2-0: Ball
3-0: Called Strike
3-1: Base on Balls
Pitching: RHP Rudy Byrd
Batting: LHB José Cuervo 0-0: Called Strike
0-1: Ball
1-1: Ball
2-1: Swinging Strike
2-2: Fly out, F8 (Flyball, 8RS)
Bottom of the 5th over - 4 runs, 5 hits, 0 errors, 2 left on base; Atlantic City 0 - Salem 6
TOP OF THE 6TH
Atlantic City Sonics batting - Pitching for Salem Misfits : RHP Carlos Salcido
Batting: LHB Juan Ledezma 0-0: Foul Ball, location: 2F
0-1: Swinging Strike
0-2: Ball
1-2: Ground out 4-3 (Groundball, 4)
Batting: RHB Toyozo Yamasaki 0-0: Ball
1-0: Ball
2-0: SINGLE (Groundball, 34D)
Batting: RHB José Rodríguez 0-0: Called Strike
0-1: Foul Ball, location: 2F
0-2: Strikes out swinging
Batting: RHB Dam Son 0-0: Foul Ball, location: 2F
0-1: Swinging Strike
0-2: Strikes out swinging
Top of the 6th over - 0 runs, 1 hit, 0 errors, 1 left on base; Atlantic City 0 - Salem 6
BOTTOM OF THE 6TH
Salem Misfits batting - Pitching for Atlantic City Sonics : RHP Rudy Byrd
Batting: LHB Donatas Montiejunas 0-0: Called Strike
0-1: Ball
1-1: Swinging Strike
1-2: SINGLE (Flyball, 78S)
Batting: LHB Jesús Lazcano 0-0: Ball
1-0: Fly out, F5 (Line Drive, 56)
Batting: RHB Akke Derksen 0-0: Ball
1-0: Ball
2-0: Ball
3-0: Called Strike
3-1: Fly out, F8 (Flyball, 8RM)
Batting: RHB Bob Petiet 0-0: Called Strike
Donatas Montiejunas steals 2nd base
0-1: Foul Ball, location: 2F
0-2: Ball
1-2: Ball
2-2: SINGLE (Line Drive, 6MD)
Donatas Montiejunas to third
Runner from 3rd tries for Home, SAFE, no throw
Batting: RHB César Ramos 0-0: Ball
1-0: Called Strike
1-1: Ball
2-1: Ball
3-1: Base on Balls
Bob Petiet to second
Batting: RHB Vicente Andros 0-0: Swinging Strike
0-1: Called Strike
0-2: Ball
1-2: Ball
2-2: Fly out, F4 (Line Drive, 4)
Bottom of the 6th over - 1 run, 2 hits, 0 errors, 2 left on base; Atlantic City 0 - Salem 7
TOP OF THE 7TH
Atlantic City Sonics batting - Pitching for Salem Misfits : RHP Carlos Salcido
Batting: RHB Alejandro Sánchez 0-0: Fly out, F9 (Flyball, 9LS)
Batting: RHB Mike Pate 0-0: Called Strike
0-1: Foul Ball, location: 2F
0-2: Strikes out looking
Batting: RHB Randy Sheffield 0-0: Foul Ball, location: 2F
0-1: Called Strike
0-2: Foul Ball, location: 2F
0-2: Ball
1-2: Strikes out looking
Top of the 7th over - 0 runs, 0 hits, 0 errors, 0 left on base; Atlantic City 0 - Salem 7
BOTTOM OF THE 7TH
Salem Misfits batting - Pitching for Atlantic City Sonics : RHP Rudy Byrd
Batting: RHB Jorge Gómez 0-0: Called Strike
0-1: Ball
1-1: Ball
2-1: Ball
3-1: Called Strike
3-2: Base on Balls
Batting: RHB Atanza Vongor 0-0: Ball
1-0: Ball
2-0: Ball
3-0: Called Strike
3-1: Fly out, F4 (Popup, 4M)
Batting: LHB José Cuervo 0-0: Called Strike
0-1: Called Strike
0-2: Ball
1-2: SINGLE (Groundball, 4D)
Jorge Gómez to second
Runner from 2nd tries for 3rd, SAFE, no throw
Batting: LHB Donatas Montiejunas 0-0: Ball
1-0: Fielders Choice at 2nd, 4-6 (Groundball, 4)
Jorge Gómez scores
Batting: LHB Jesús Lazcano 0-0: Ball
1-0: Foul Ball, location: 2F
Pickoff Throw to First - Error! E1
Donatas Montiejunas to second
1-1: Ball
2-1: Swinging Strike
2-2: Fly out, F7 (Flyball, 78D)
Bottom of the 7th over - 1 run, 1 hit, 1 error, 1 left on base; Atlantic City 0 - Salem 8
TOP OF THE 8TH
Atlantic City Sonics batting - Pitching for Salem Misfits : RHP Carlos Salcido
Batting: RHB Michael Walker 0-0: SINGLE (Line Drive, 8LS)
Batting: RHB John Willoughby 0-0: Ball
1-0: Foul Ball, location: 2F
1-1: Called Strike
1-2: Fly out, F8 (Flyball, 8LD)
Batting: LHB Juan Ledezma 0-0: Called Strike
0-1: Swinging Strike
0-2: Fielders Choice at 2nd, 3-6 (Groundball, 34)
Batting: RHB Toyozo Yamasaki 0-0: Foul Ball, location: 2F
0-1: Ball
1-1: Foul Ball, location: 2F
1-2: Ball
2-2: Ground out 5-3 (Groundball, 56S)
Top of the 8th over - 0 runs, 1 hit, 0 errors, 1 left on base; Atlantic City 0 - Salem 8
BOTTOM OF THE 8TH
Salem Misfits batting - Pitching for Atlantic City Sonics : RHP Rudy Byrd
Batting: RHB Akke Derksen 0-0: Called Strike
0-1: Called Strike
0-2: DOUBLE (Line Drive, 8LXD)
Pitching: RHP Pedro Rodríguez
Batting: RHB Bob Petiet 0-0: Ball
1-0: Ball
2-0: Called Strike
2-1: Ball
3-1: Base on Balls
Batting: RHB César Ramos 0-0: Called Strike
0-1: Foul Ball, location: 2F
0-2: Foul Ball, location: 2F
0-2: Ball
1-2: Ball
2-2: Fly out, F7 (Flyball, 7LM)
Batting: RHB Vicente Andros 0-0: Called Strike
0-1: Foul Ball, location: 2F
0-2: Strikes out looking
Batting: RHB Jorge Gómez 0-0: Called Strike
0-1: Fielders Choice at 2nd, 6-4 (Groundball, 56)
Bottom of the 8th over - 0 runs, 1 hit, 0 errors, 2 left on base; Atlantic City 0 - Salem 8
TOP OF THE 9TH
Atlantic City Sonics batting - Pitching for Salem Misfits : RHP Carlos Salcido
Now at 1B: Tyler Knopp
Batting: RHB José Rodríguez 0-0: Ball
1-0: Called Strike
1-1: Swinging Strike
1-2: Ball
2-2: Foul Ball, location: 2F
2-2: Foul Ball, location: 2F
2-2: Ball
3-2: Base on Balls
Batting: RHB Dam Son 0-0: Ball
1-0: Called Strike
1-1: Called Strike
1-2: Fly out, F9 (Flyball, 89M)
Batting: RHB Alejandro Sánchez 0-0: Ball
1-0: Ball
2-0: SINGLE (Groundball, 6MD)
José Rodríguez to second
Batting: RHB Mike Pate 0-0: Foul Ball, location: 2F
0-1: Foul Ball, location: 2F
0-2: Strikes out looking
Batting: RHB Randy Sheffield 0-0: Ball
1-0: Called Strike
1-1: Foul Ball, location: 2F
1-2: Foul Ball, location: 2F
1-2: Fielders Choice at 2nd, 5-4 (Groundball, 56)
Top of the 9th over - 0 runs, 1 hit, 0 errors, 2 left on base; Atlantic City 0 - Salem 8
Tuesday, June 12th, 2018 - OOTP Baseball 18.8 Build 76